 Dungeon Crawl Stone Soup version 0.30.1-9-gdf580d7c3d (webtiles) character file.

Game seed: 17214124822835923436

28 Cheops the Chiller (level 3, -7/31 HPs)
             Began as an Ogre Ice Elementalist on Oct 26, 2023.
             Mangled by a worm (10 damage)
             ... on level 2 of the Dungeon.
             The game lasted 00:01:13 (1054 turns).

Cheops the Chiller (Ogre Ice Elementalist)          Turns: 1054, Time: 00:01:13

Health: -7/31      AC:  3    Str: 12    XL:     3   Next: 14%
Magic:  1/7        EV:  9    Int: 18    God:
Gold:   34         SH:  0    Dex:  9    Spells: 7/8 levels left

rFire   . . .        a - +0 club
rCold   . . .        (no shield)
rNeg    . . .        g - +0 robe
rPois   .            (helmet restricted)
rElec   .            (no cloak)
rCorr   .            (gloves unavailable)
SInv    .            (boots unavailable)
Will    .....        (no amulet)
Stlth   +            (no ring)
HPRegen 0.25/turn    (no ring)
MPRegen 0.10/turn

%: no passive effects
@: no status effects
A: large, unfitting armour, tough skin 1
a: no special abilities


You were on level 2 of the Dungeon.
You visited 1 branch of the dungeon, and saw 2 of its levels.

You collected 34 gold pieces.

Inventory:

Hand Weapons
 a - a +0 club (weapon)
Armour
 g - a +0 robe (worn)
Scrolls
 c - a scroll of noise {unknown}
 e - a scroll of identify {unknown}
Potions
 b - a potion of magic
 d - a potion of degeneration {unknown}
 f - 2 potions of curing {unknown}


   Skills:
 - Level 1.7 Dodging
 - Level 1.4 Stealth
 - Level 3.0 Spellcasting
 + Level 4.3 Ice Magic


You had 7 spell levels left.
You knew the following spells:

 Your Spells              Type           Power      Damage    Failure   Level
a - Freeze                Ice            72%        1d8       2%          1

Your spell library contained the following spells:

 Spells                   Type           Power      Damage    Failure   Level
 Frozen Ramparts          Ice            36%        1d6       9%          3
 Ozocubu's Armour         Ice            18%        N/A       9%          3
 Sting                    Tmut/Pois      8%         1d3       16%         1
 Poisonous Vapours        Pois/Air       4%         N/A       24%         2
 Scorch                   Fire           4%         2d5       24%         2
 Summon Ice Beast         Ice/Summ       10%        N/A       56%         4
 Flame Wave               Conj/Fire      2%         2d4       85%         4
 Olgreb's Toxic Radiance  Pois           2%         N/A       85%         4
 Summon Cactus Giant      Summ           1%         N/A       100%        6


Dungeon Overview and Level Annotations

Branches:
Dungeon (2/15)

Altars:


Innate Abilities, Weirdness & Mutations

You are too large for most types of armour.
You have tough skin. (AC +1)


Message History

Confirm with . or Enter, or press ? or * to list all spells.
Aiming: Freeze (safe; 2% risk of failure)
Press: ? - help, Shift-Dir - straight line, f/p - worm
Aim: a worm (lightly wounded)
You freeze the worm.
The worm is moderately wounded.
Casting: Freeze (safe; 2% risk of failure)
Confirm with . or Enter, or press ? or * to list all spells.
Aiming: Freeze (safe; 2% risk of failure)
Press: ? - help, Shift-Dir - straight line, f/p - worm
Aim: a worm (moderately wounded)
You freeze the worm!
The worm is severely wounded.
The worm bites you.
* * * LOW HITPOINT WARNING * * *
Casting: Freeze (safe; 2% risk of failure)
Confirm with . or Enter, or press ? or * to list all spells.
Aiming: Freeze (safe; 2% risk of failure)
Press: ? - help, Shift-Dir - straight line, f/p - worm
Aim: a worm (heavily wounded)
You freeze the worm.
The worm is severely wounded.
Casting: Freeze (safe; 2% risk of failure)
Confirm with . or Enter, or press ? or * to list all spells.
Aiming: Freeze (safe; 2% risk of failure)
Press: ? - help, Shift-Dir - straight line, f/p - worm
Aim: a worm (severely wounded)
You freeze the worm.
The worm is severely wounded.
The worm bites you!
* * * LOW HITPOINT WARNING * * *
Casting: Freeze (safe; 2% risk of failure)
Confirm with . or Enter, or press ? or * to list all spells.
Aiming: Freeze (safe; 2% risk of failure)
Press: ? - help, Shift-Dir - straight line, f/p - worm
Aim: a worm (severely wounded)
You freeze the worm.
The worm is severely wounded.
The worm bites you!
You die...

....... ......
..... ##...##
#....?## .
##.$$$..#
..#..~_w..#
.....~~@..#
.#........#
###......##
#...>...#
#.#.#.#.#####.
...###.<.......
### ##########


You could see a worm.

Vanquished Creatures
  A gnoll (D:1)
  A dart slug (D:1)
  A bat (D:1)
  An endoplasm (D:1)
  3 goblins (D:1)
  2 hobgoblins (D:1)
  4 ball pythons (D:1)
  A frilled lizard (D:1)
  A rat (D:1)
15 creatures vanquished.

Notes
Turn   | Place    | Note
-------+----------+-------------------------------------------
     0 | D:1      | Cheops the Ogre Ice Elementalist began the quest for the
                  | Orb.
     0 | D:1      | Reached XP level 1. HP: 16/16 MP: 3/3
   299 | D:1      | Reached XP level 2. HP: 19/24 MP: 1/6
   305 | D:1      | Reached skill level 4 in Ice Magic
   526 | D:1      | Reached XP level 3. HP: 31/31 MP: 5/7
  1043 | D:2      | Found a faded altar of an unknown god.
  1054 | D:2      | Mangled by a worm

Illustrated notes

Levels and vault maps discovered:
D:1:      kennysheep_arrival_seaside, layout_loops_ring
D:2:      layout_loops_corners, basic_altar,
          hellmonk_ecumenical_altar_pennies_from_heaven

Skill      XL: |  1  2 |
---------------+-------+-----
Spellcasting   | 3 |  3.0
Ice Magic      | 4 |  4.3
Dodging        | |  1.7
Stealth        | |  1.4

Action                     || total
---------------------------++-------
  Melee: Unarmed           ||    15
         Club              ||     1
   Cast: Freeze            ||    27
 Armour: Robe              ||     7
  Dodge: Dodged            ||    14
